 Dungeon Crawl Stone Soup version 0.31-a0-271-gb88eb75e06 (webtiles) character file.

Game seed: 10277630961469793763

238 Midn8 the Ruffian (level 5, -2/38 HPs)
             Began as a Demonspawn Shapeshifter on July 14, 2023.
             Was a Follower of Wu Jian.
             Slain by Sigmund
             ... wielding a +0 scythe of protection
              (6 damage)
             ... on level 4 of the Dungeon.
             The game lasted 00:06:32 (2420 turns).

Midn8 the Ruffian (Demonspawn Shapeshifter)         Turns: 2420, Time: 00:06:32

Health: -2/38      AC:  3    Str: 16    XL:     5   Next: 78%
Magic:  5/5        EV: 12    Int:  9    God:    Wu Jian [*.....]
Gold:   142        SH:  0    Dex: 15    Spells: 4/4 levels left

rFire   . .          .
                       - Unarmed
rCold   . . .        (no shield)
rNeg    . . .        o - +0 leather armour
rPois   .            (helmet currently unavailable)
rElec   .            (cloak currently unavailable)
rCorr   .            (gloves currently unavailable)
SInv    .            (boots currently unavailable)
Will    .....        (no amulet)
Stlth   +            (no ring)
HPRegen 0.26/turn    (no ring)
MPRegen 0.09/turn

%: no passive effects
@: beast-form
A: beast (slay +2), powered by death 2
a: Begin Untransformation, Renounce Religion


You were on level 4 of the Dungeon.
You worshipped Wu Jian.
Wu Jian was aware of your devotion.
You were a hulking beast.
You visited 1 branch of the dungeon, and saw 4 of its levels.

You collected 142 gold pieces.

Inventory:

Missiles
 l - 2 silver javelins
Armour
 a - a +0 animal skin
 h - a +0 pair of boots
 m - a +0 helmet
 o - a +0 leather armour (worn)
Jewellery
 f - a +6 ring of dexterity
 g - a ring of fire
Talismans
 c - a beast talisman
Scrolls
 k - a scroll of revelation {unknown}
 n - a scroll of amnesia {unknown}
Potions
 b - a potion of lignification
 d - a potion of ambrosia
 e - 2 potions of haste
 i - 2 potions of attraction
 j - 2 potions of mutation
 q - a potion of heal wounds {unknown}
 r - a potion of brilliance {unknown}
 t - a potion of curing {unknown}
 u - a potion of resistance {unknown}
 v - a potion of degeneration {unknown}


   Skills:
 - Level 2.0 Fighting
 - Level 1.7 Dodging
 + Level 5.4 Unarmed Combat
 - Level 2.9 Shapeshifting


You had 4 spell levels left.
You didn't know any spells.
Your spell library was empty.

Dungeon Overview and Level Annotations

Branches:
Dungeon (4/15)
 Temple: D:4-7

Altars:
Gozag
Hepliaklqana
Okawaru
Ru
Trog
Wu Jian

Shops:
D:2 (

Annotations:
D:4 Sigmund


Innate Abilities, Weirdness & Mutations

You are a hulking beast.
Your limbs bulge with bestial killing power. (Slay +2)
You regenerate health from kills.


Message History

The adder bites you.
You spin and attack the adder.
You closely miss the adder.
The adder is lightly wounded.
The adder bites you.
You are poisoned.
The adder poisons you!
You hit the adder.
The adder is lightly wounded.
You feel sick. The adder barely misses you.
You miss the adder.
The adder is lightly wounded.
You feel sick. The adder completely misses you.
You hit the adder.
The adder is heavily wounded.
You feel sick. The adder misses you.
You punch the adder!
You kill the adder!
The Council accepts your kill.
You feel sick.
You feel sick.
A magic dart appears from out of thin air!
The magic dart hits you!
You feel sick.
You feel sick.
You are no longer poisoned.
A puff of flame appears from out of thin air!
The puff of flame misses you.
Something tries to affect you, but you resist.
You are confused.
Something hits you.
You feel less confused. Something hits you.
A puff of flame appears from out of thin air!
The puff of flame hits you.
Really walk into that dispersal trap?
You enter a dispersal trap!
You blink.
Something hits you!
* * * LOW HITPOINT WARNING * * *
Something hits you.
You die...

............#.........>......
............#................
.....##.....#................
.....########................
.....# #........########
.....# #........#.....#
.....# #.>......#.....#
.....# #........#.....#
####+####+###...h....#.....#
##...##.....#........#.....#
......#.....#........'.....#
......#.....#........#######
......#.....#........# ..###
......#.....#........# .....
......#.....#........#......
.....##.....#........#......
.....##.....#........'......


There were no monsters in sight!

Vanquished Creatures
  Natasha (thrice) (D:2)
  An orc wizard (D:4)
  Robin (D:2)
  4 adders
  A worm (D:3)
  2 dart slugs (D:2)
  3 orcs
  4 bats
  7 endoplasms
  4 giant cockroaches
  9 goblins
  7 hobgoblins
  10 jackals
  2 quokkas (D:3)
  4 ball pythons
  8 frilled lizards
  5 kobolds
  4 rats
79 creatures vanquished.

Notes
Turn   | Place    | Note
-------+----------+-------------------------------------------
     0 | D:1      | Midn8 the Demonspawn Shapeshifter began the quest for the
                  | Orb.
     0 | D:1      | Reached XP level 1. HP: 16/16 MP: 1/1
   189 | D:1      | Reached skill level 2 in Unarmed Combat
   191 | D:1      | Gained mutation: You regenerate a little health from kills.
                  | [demonic ancestry]
   191 | D:1      | Reached XP level 2. HP: 10/22 MP: 2/2
   410 | D:1      | Found a faded altar of an unknown god.
   625 | D:1      | Gained mutation: You regenerate health from kills. [demonic
                  | ancestry]
   625 | D:1      | Reached XP level 3. HP: 27/27 MP: 3/3
   698 | D:2      | Noticed Natasha
   708 | D:2      | Killed Natasha
   709 | D:2      | Reached skill level 3 in Unarmed Combat
   946 | D:2      | Noticed Robin
   947 | D:2      | Reached XP level 4. HP: 25/33 MP: 4/4
   963 | D:2      | Reached skill level 4 in Unarmed Combat
   972 | D:2      | Killed Robin
  1000 | D:2      | Found Oplohuom's Antique Weapon Emporium.
  1195 | D:2      | Noticed Natasha
  1202 | D:2      | Killed Natasha
  1203 | D:2      | Reached XP level 5. HP: 26/38 MP: 5/5
  1208 | D:2      | Noticed Natasha
  1220 | D:2      | Killed Natasha
  1498 | D:3      | Found an ornate altar of the Wu Jian Council.
  1504 | D:3      | Found a hazy altar of Hepliaklqana.
  1504 | D:3      | Found an iron altar of Okawaru.
  1513 | D:3      | Found a bloodstained altar of Trog.
  1515 | D:3      | Found a sacrificial altar of Ru.
  1543 | D:3      | Became a worshipper of the Wu Jian Council
  1566 | D:3      | Reached skill level 5 in Unarmed Combat
  1566 | D:3      | Found an opulent altar of Gozag.
  2089 | D:4      | Reached * piety under Wu Jian
  2349 | D:4      | Noticed an ogre
  2388 | D:4      | Noticed Sigmund
  2420 | D:4      | Slain by Sigmund

Illustrated notes

Levels and vault maps discovered:
D:1:      nagdon_arrival_double_spiral, layout_basic,
          hellmonk_ecumenical_altar_arch_garden
D:2:      layout_loops_cross, serial_shops, shop, uniq_robin, uniq_natasha
D:3:      layout_rooms, minmay_overflow_temple_star_hex,
          mainiacjoe_overflow_catwalk, serial_glass, glass_columns_b,
          glass_columns_b, ebering_dispersal_statue_hall, nrook_uturn,
          minmay_box_of_dots
D:4:      layout_gridville, uniq_sigmund

Skill      XL: |  1  2  3  4  5 |
---------------+----------------+-----
Unarmed Combat | 2 3 4 5 |  5.4
Fighting       | |  2.0
Dodging        | |  1.7
Shapeshifting  | |  2.9

Action                     |  1- 3 |  4- 6 || total
---------------------------+-------+-------++-------
  Melee: Unarmed           |   106 |   107 ||   213
         Punch             |     3 |     1 ||     4
Ability: Lunge             |       |    10 ||    10
         Whirlwind         |       |     1 ||     1
    Use: Scroll            |       |     8 ||     8
   Stab: Sleeping          |     1 |     2 ||     3
 Armour: Animal skin       |    17 |    14 ||    31
  Dodge: Dodged            |    50 |    45 ||    95

Table legend: (Time is in decaauts)
 A = Elapsed time spent in this place.
 B = Non-inter-level travel time spent in this place.
 C = Inter-level travel time spent in this place.
 D = Time resting spent in this place.
 E = Time spent auto-exploring this place.
 F = Levels seen in this place.
 G = Mean time per level.
                   A        B        C        D        E       F      G
               +--------+--------+--------+--------+--------+-----+--------+
         Total |   2442 |   2232 |    210 |    219 |   1347 |   4 |  610.5 |
       Dungeon |   2442 |   2232 |    210 |    219 |   1347 |   4 |  610.5 |
               +--------+--------+--------+--------+--------+-----+--------+

Top non-repeatable levels by time:
     D:2: 838 daAuts
     D:1: 668 daAuts
     D:3: 612 daAuts
     D:4: 323 daAuts
